 Dungeon Crawl Stone Soup version 0.21-a0-81-gc5150db (webtiles) character file.

81 HAL9000 the Sneak (level 4, 0/34 HPs)
             Began as a Vine Stalker Assassin on June 23, 2017.
             Slain by an adder (1 damage)
             ... on level 1 of the Dungeon.
             The game lasted 00:02:13 (1476 turns).

HAL9000 the Sneak (Vine Stalker Assassin)           Turns: 1476, Time: 00:02:14

Health: 0/34       AC:  3    Str: 20    XL:     4   Next: 42%
Magic:  0/5        EV: 11    Int: 11    God:
Gold:   106        SH:  0    Dex: 15    Spells: 3/3 levels left

rFire    . . .     SeeInvis .   a - +2 dagger
rCold    . . .     Gourm    .   (no shield)
rNeg     . . .     Faith    .   c - +0 robe
rPois    .         Spirit   +   (no helmet)
rElec    .         Reflect  .   d - +0 cloak
rCorr    .         Harm     .   (no gloves)
MR       .....                  (no boots)
Stlth    ..........             (no amulet)
HPRegen  0.51/turn              (no ring)
MPRegen  0.09/turn              (no ring)

@: berserking, lethally poisoned (0 -> -1), very quick
A: fangs 2, regeneration 1, magic shield, antimagic bite, no potion heal 3, rot
immunity
a: no special abilities


You were on level 1 of the Dungeon.
You were not hungry.

You visited 1 branch of the dungeon, and saw 2 of its levels.

You collected 106 gold pieces.

Inventory:

Hand Weapons
 a - a +2 dagger (weapon)
 b - a +0 blowgun
Missiles
 e - 39 poisoned needles
 f - 2 curare-tipped needles
Armour
 c - a +0 robe (worn)
 d - a +0 cloak (worn)
Scrolls
 i - 2 scrolls of remove curse {unknown}
 k - a scroll of random uselessness {unknown}
 m - a scroll of blinking {unknown}
 n - a scroll of identify {unknown}
Potions
 p - a potion of mutation {unknown}
 q - a potion of invisibility {unknown}
Comestibles
 g - 2 bread rations
 h - 3 meat rations
 o - 2 chunks of flesh


   Skills:
 - Level 1.7 Fighting
 + Level 4.1 Short Blades
 - Level 1.7 Throwing
 - Level 0.7 Dodging
 - Level 4.8 Stealth


You had 3 spell levels left.
You didn't know any spells.

Dungeon Overview and Level Annotations

Branches:
Dungeon (2/15)

Altars:


Innate Abilities, Weirdness & Mutations

You have extremely sharp teeth.
Your natural rate of healing is unusually fast.
When hurt, damage is shared between your health and your magic reserves.
Your bite disrupts and absorbs the magic of your enemies.
Potions cannot restore your health.
You are immune to rotting.


Message History

You feel sick. The adder barely misses you.
Okay, then.
You feel sick. The adder barely misses you.
You feel sick.
There is a stone staircase leading up here.
The adder bites you.
* * * LOW HITPOINT WARNING * * *
You are lethally poisoned!
The adder poisons you!
You climb upwards.
* * * LOW HITPOINT WARNING * * *
You feel sick.
There is a stone staircase leading down here.
It was a potion of berserk rage.
A red film seems to cover your vision as you go berserk!
You feel yourself moving faster!
You feel mighty!
* * * LOW HITPOINT WARNING * * *
You feel sick. The adder bites you.
You die...

#.####.......####[#..#.#...#
#.# #.......# #.#..#.#####
#.# ###...### #.####.# #.#
#...# #.#....# #.# #...#
#.#.#### ###
#.###############.#.# #..
#...................# ###.#
########.#.S##.#.#### #...#
#...@##.#.#### #####
#######.#....######
#...........# #...........#
##..........# #..........#
#..........# #..........#
#..........#


You could see an adder.

Vanquished Creatures
  2 adders (D:2)
  A gnoll (D:2)
  2 oozes
  2 worms (D:2)
  2 dart slugs (D:1)
  3 leopard geckos (D:1)
  A giant cockroach (D:1)
  4 goblins
  3 hobgoblins
  4 bats
  3 frilled lizards
  5 kobolds
  2 rats
34 creatures vanquished.

Notes
Turn   | Place    | Note
-------+----------+-------------------------------------------
     0 | D:1      | HAL9000 the Vine Stalker Assassin began the quest for the Orb.
     0 | D:1      | Reached XP level 1. HP: 11/11 MP: 2/2
   158 | D:1      | Reached XP level 2. HP: 9/15 MP: 1/3
   791 | D:1      | Reached XP level 3. HP: 18/18 MP: 4/4
  1192 | D:2      | Gained mutation: Your natural rate of healing is unusually fast. [Vine Stalker growth]
  1192 | D:2      | Reached XP level 4. HP: 20/23 MP: 5/5
  1474 | D:2      | HP: 1/23 [adder (2)]
  1476 | D:1      | Slain by an adder

Vault maps used:
D:1:      minmay_arrival_cross, minmay_pentomino_u2
D:2:      serial_curves, eino_curves_02, eino_curves_01, minmay_misc_feat_square

Skill      XL: |  1  2  3  4 |
---------------+-------------+-----
Short Blades   | 2 3 4 |  4.1
Fighting       | |  1.7
Throwing       | |  1.7
Dodging        | |  0.7
Stealth        | |  4.8

Action                   |  1- 3 |  4- 6 || total
-------------------------+-------+-------++-------
Melee: Dagger            |    69 |    23 ||    92
       Bite              |    22 |     7 ||    29
 Fire: Blowgun           |     7 |       ||     7
  Use: Potion            |       |     1 ||     1
 Stab: Sleeping          |     7 |     2 ||     9
       Distracted        |     2 |       ||     2
  Eat: Chunk             |     1 |     1 ||     2
Armor: Robe              |    16 |     3 ||    19
Dodge: Dodged            |    29 |    14 ||    43
